 Dungeon Crawl Stone Soup version 0.30-a0-1157-g2cc9ac7196 (webtiles) character file.

Game seed: 16746280603298047742

46 ytrimaz the Trooper (level 3, 11/29 HPs)
             Began as a Demonspawn Fighter on Apr 24, 2023.
             Quit the game on level 2 of the Dungeon.
             The game lasted 00:00:39 (328 turns).

ytrimaz the Trooper (Demonspawn Fighter)             Turns: 328, Time: 00:00:40

Health: 11/29      AC:  6    Str: 18    XL:     3   Next: 44%
Magic:  3/3        EV:  9    Int:  9    God:
Gold:   24         SH:  5    Dex: 14    Spells: 2/2 levels left

rFire   . . .        a - +0 war axe
rCold   . . .        c - +0 buckler
rNeg    . . .        b - +0 scale mail
rPois   .            (helmet restricted)
rElec   .            (no cloak)
rCorr   .            (no gloves)
SInv    .            (no boots)
Will    .....        (no amulet)
Stlth   +            (no ring)
HPRegen 0.24/turn    (no ring)
MPRegen 0.08/turn

%: no passive effects
@: no status effects
A: antennae 1, thin skeletal structure 1
a: no special abilities


You were on level 2 of the Dungeon.
You visited 1 branch of the dungeon, and saw 2 of its levels.

You collected 24 gold pieces.


Innate Abilities, Weirdness & Mutations

You have a pair of small antennae on your head.
You have a somewhat thin skeletal structure. (Dex +2, Stealth+)


   Skills:
 - Level 3.3 Fighting
 + Level 2.5 Axes
 - Level 3.0 Armour
 - Level 3.0 Shields


You had 2 spell levels left.
You didn't know any spells.
Your spell library contained the following spells:

 Spells                   Type           Power      Damage    Failure   Level
 Vhi's Electric Charge    Tloc/Air       0%         N/A       99%         3
 Arcjolt                  Conj/Air       0%         1d10      100%        5
 Maxwell's Capacitive Co  Air            0%         ∞         100%        8

Inventory:

Hand Weapons
 a - a +0 war axe (weapon)
Armour
 b - a +0 scale mail (worn)
 c - a +0 buckler (worn)
Scrolls
 e - a scroll of immolation {unknown}
 f - a scroll of fog {unknown}
 l - a scroll of identify {unknown}
Potions
 d - a potion of brilliance {unknown}
 g - a potion of curing {unknown}
 h - a potion of lignification {unknown}
 i - a potion of berserk rage {unknown}
 j - a potion of magic {unknown}
 k - 2 potions of heal wounds {unknown}

Dungeon Overview and Level Annotations

Branches:
Dungeon (1/15) Zot: 11654

Altars:

#......# #.........
#......# #.........
#>.....###.........
#......+...........
#......# #.........
#......# #.........
#.?..†.# #.........
#..†.†.###.........
#{@..##............
......†....+............
.#...#....##............
#..###...##############
.... ...$# .## #.....
..##### ..


There were no monsters in sight!


Message History

You kill the jackal!
The jackal barely misses you. The quokka bites you.
The jackal bites you but does no damage.
The quokka bites you but does no damage.
Unknown command.
You completely miss the jackal. You miss the quokka.
The jackal bites you but does no damage.
The quokka bites you.
The jackal bites you but does no damage.
You slash the quokka!
You kill the quokka!
You closely miss the jackal. The jackal closely misses you.
The jackal barely misses you. 😕 HP[-3]
You take 3 damage, and now have 22/29 hp.
Unknown command.
A jackal comes into view.
The jackal barks!
You hear a shout!
The jackal bites you but does no damage.
Things that are here:
a quokka corpse; a jackal corpse You closely miss the jackal.
The jackal bites you but does no damage.
The jackal bites you. 😮 HP[-1]
You take 1 damage, and now have 21/29 hp.
A goblin comes into view. It is wielding a +0 dagger.
The goblin shouts!
The jackal bites you but does no damage.
You are too injured to fight recklessly!
Unknown command.
There are monsters nearby!
There are monsters nearby!
You are too injured to fight recklessly!
Unknown command.
You are too injured to fight recklessly!
The jackal attacks as you move away! You block the jackal's attack.
The jackal bites you but does no damage.
Unknown command.
You are too injured to fight recklessly!
You completely miss the jackal. You closely miss the jackal.
The jackal bites you but does no damage.
The jackal bites you. x2
The jackal bites you but does no damage.
A jackal comes into view. 😮 HP[-2]
You take 2 damage, and now have 19/29 hp.
The jackal barks!
You hit the jackal.
You kill the jackal!
You closely miss the jackal. The jackal bites you.
The jackal barely misses you.
You are too injured to fight recklessly! 😮 HP[-1]
You take 1 damage, and now have 18/29 hp.
The goblin drinks a potion.
The goblin flickers and vanishes!
Deactivating autopickup; reactivate with Ctrl-A.
The jackal bites you but does no damage.
You see here a jackal corpse.
Something hits you. The jackal misses you.
The jackal barely misses you. 😮 HP[-3]
You take 3 damage, and now have 15/29 hp.
You are too injured to fight recklessly!
You are too injured to fight recklessly!
You miss something. You closely miss the jackal. You hit the jackal.
Something hits you but does no damage.
The jackal bites you but does no damage.
The jackal bites you.
* * * LOW HITPOINT WARNING * * *
Something hits you.
* * * LOW HITPOINT WARNING * * *
You block the jackal's attack.
The jackal bites you but does no damage. 😨 HP[-3]
You take 3 damage, and now have 12/29 hp.
Unknown command.
You barely miss something. You hit the jackal.
You kill the jackal!
You barely miss the jackal. The jackal closely misses you.
Something hits you but does no damage.
The jackal bites you but does no damage.
You closely miss something. You barely miss the jackal.
You block something's attack.
The jackal bites you but does no damage.
Something hits you.
* * * LOW HITPOINT WARNING * * *
The jackal bites you but does no damage. 😨 HP[-1]
You take 1 damage, and now have 11/29 hp.
Unknown command.
You closely miss something. You hit the jackal.
You kill the jackal!
Something hits you but does no damage. 😨 HP[+1]
You completely miss something. Something hits you.
* * * LOW HITPOINT WARNING * * *
😨 HP[-1]
You take 1 damage, and now have 11/29 hp.
Are you sure you want to abandon this character and quit the game? (Confirm with "yes".)

Skill      XL: |  1 |
---------------+----+-----
Axes           | 2 |  2.5
Armour         | 3 |  3.0
Shields        | 3 |  3.0
Fighting       | |  3.3

Action                     || total
---------------------------++-------
  Melee: War axe           ||    43
    Use: Potion            ||     1
 Armour: Scale mail        ||    43
  Dodge: Dodged            ||    35
  Block: Buckler           ||    15

Levels and vault maps discovered:
D:1:      onia_arrival_mini_spirals, layout_rooms, minmay_octomino_c4
D:2:      layout_basic, uniq_terence

Notes
Turn   | Place    | Note
-------+----------+-------------------------------------------
     0 | D:1      | ytrimaz the Demonspawn Fighter began the quest for the Orb.
     0 | D:1      | Reached XP level 1. HP: 18/18 MP: 1/1
     0 | D:1      | magus.rc [v1.9.6]
   120 | D:1      | You fall into a shaft and drop 1 floor!
   123 | D:2      | Noticed Terence
   131 | D:2      | Killed Terence
   132 | D:2      | Reached skill level 2 in Axes
   132 | D:2      | Reached skill level 3 in Armour
   132 | D:2      | Reached skill level 3 in Shields
   132 | D:2      | Gained mutation: You have a pair of small antennae on your
                  | head. [demonic ancestry]
   132 | D:2      | Reached XP level 2. HP: 17/24 MP: 2/2
   148 | D:2      | Gained mutation: You have a somewhat thin skeletal
                  | structure. (Dex +2, Stealth+) [demonic ancestry]
   148 | D:2      | Reached XP level 3. HP: 26/29 MP: 3/3
   304 | D:2      | You add the spells Vhi's Electric Charge, Arcjolt and
                  | Maxwell's Capacitive Coupling to your library.
   328 | D:2      | Quit the game

Vanquished Creatures
  Terence (D:2)
  A dart slug (D:2)
  3 bats (D:2)
  5 jackals (D:2)
  2 quokkas (D:2)
  2 kobolds
  2 rats (D:2)
16 creatures vanquished.

Table legend:
 A = Non-vault XP
 B = Vault XP
 C = Vault XP percentage of total XP
 D = Non-vault monster count
 E = Vault monster count
 F = Vault count percentage of total count
                 A         B        C        D         E       F
            +---------+---------+-------+---------+---------+-------
      Total |      28 |      38 |  57.6 |      15 |       1 |   6.2
            +---------+---------+-------+---------+---------+-------
        D:1 |       1 |       0 |   0.0 |       1 |       0 |   0.0
        D:2 |      27 |      38 |  58.5 |      14 |       1 |   6.7
            +---------+---------+-------+---------+---------+-------

Skill      XL: |  1 |
---------------+----+-----
Axes           | 2 |  2.5
Armour         | 3 |  3.0
Shields        | 3 |  3.0
Fighting       | |  3.3

Action                     || total
---------------------------++-------
  Melee: War axe           ||    43
    Use: Potion            ||     1
 Armour: Scale mail        ||    43
  Dodge: Dodged            ||    35
  Block: Buckler           ||    15

Illustrated notes

Table legend:
 A = Kills in this place as a percentage of kills in the entire game.
 B = Kills by you in this place as a percentage of kills by you in the entire game.
 C = Kills by friends in this place as a percentage of kills by friends in the entire game.
 D = Other kills in this place as a percentage of other kills in the entire game.
 E = Experience gained in this place as a percentage of experience gained in the entire game.
 F = Experience gained in this place divided by the number of levels of this place that you have seen.
                   A       B       C       D       E      F
               +-------+-------+-------+-------+-------+----------------------
         Total | 100.0 | 100.0 |   N/A |   N/A | 100.0 |  33.0
       Dungeon | 100.0 | 100.0 |   N/A |   N/A | 100.0 |  33.0
               +-------+-------+-------+-------+-------+----------------------

Table legend: (Time is in decaauts)
 A = Elapsed time spent in this place.
 B = Non-inter-level travel time spent in this place.
 C = Inter-level travel time spent in this place.
 D = Time resting spent in this place.
 E = Time spent auto-exploring this place.
 F = Levels seen in this place.
 G = Mean time per level.
                   A        B        C        D        E       F      G
               +--------+--------+--------+--------+--------+-----+--------+
         Total |    345 |    345 |      0 |      0 |    209 |   2 |  172.5 |
       Dungeon |    345 |    345 |      0 |      0 |    209 |   2 |  172.5 |
               +--------+--------+--------+--------+--------+-----+--------+

Top non-repeatable levels by time:
     D:2: 223 daAuts
     D:1: 122 daAuts
